 Dungeon Crawl Stone Soup version 0.28.0-62-gf88900778d (webtiles) character file.

Game seed: 7993783716454825322

3671 cbfl8 the Cleaver (level 9, -2/73 (79) HPs)
             Began as a Minotaur Berserker on May 13, 2023.
             Was an Elder of Trog.
             Slain by Erica
             ... wielding a +1 scimitar of flaming
              (3 damage)
             ... on level 8 of the Dungeon.
             The game lasted 00:10:45 (9737 turns).

cbfl8 the Cleaver (Minotaur Berserker)              Turns: 9737, Time: 00:10:46

HP:   -2/73 (79)    AC:  8    Str: 21    XL:     9   Next: 89%
MP:   8/8           EV: 12    Int: 10    God:    Trog [****..]
Gold: 372           SH:  5    Dex: 15    Spells: 8/8 levels left

rFire   . . .      SeeInvis .   B - +0 war axe
rCold   + . .      Faith    .   h - +0 buckler
rNeg    . . .      Spirit   .   b - +0 scale mail {rC+}
rPois   +          Reflect  .   (helmet restricted)
rElec   .          Harm     .   (no cloak)
rCorr   .          Rampage  .   f - +0 pair of gloves of Taoleah {rPois}
Will    .....                   (no boots)
Stlth   +.........              (no amulet)
HPRegen 0.22/turn               y - +6 ring of intelligence
MPRegen 0.11/turn               (no ring)

@: on berserk cooldown, slowed, drained, very slow
A: horns 2, retaliatory headbutt
a: Renounce Religion, Berserk, Trog's Hand, Brothers in Arms


You were on level 8 of the Dungeon.
You worshipped Trog.
Trog was greatly pleased with you.
You visited 1 branch of the dungeon, and saw 8 of its levels.
You also visited: Sewer.

You collected 492 gold pieces.
You spent 120 gold pieces at shops.

Inventory:

Hand Weapons
 B - a +0 war axe (weapon)
Armour
 b - a +0 scale mail of cold resistance (worn)
 f - the +0 pair of gloves of Taoleah (worn) {rPois}
   (You found it on level 2 of the Dungeon)

   rPois:     It protects you from poison.
 h - a +0 buckler (worn)
Jewellery
 y - a +6 ring of intelligence (left hand)
Wands
 j - a wand of flame (19)
 t - a wand of polymorph (8) (quivered)
 A - a wand of iceblast (21)
Scrolls
 c - 2 scrolls of fear {unknown}
 i - 3 scrolls of fog
 l - a scroll of summoning
 m - 2 scrolls of holy word
 p - 3 scrolls of enchant armour
 q - 3 scrolls of silence {unknown}
 r - 3 scrolls of enchant weapon {unknown}
 s - a scroll of noise
 u - a scroll of immolation
 v - 2 scrolls of teleportation {unknown}
 z - a scroll of acquirement {unknown}
Potions
 d - 5 potions of curing
 e - 2 potions of lignification {unknown}
 g - 4 potions of brilliance {unknown}
 n - a potion of degeneration {unknown}
 o - 3 potions of mutation {unknown}
 w - a potion of invisibility {unknown}
 x - 2 potions of heal wounds {unknown}


   Skills:
 + Level 7.3 Fighting
 + Level 10.1 Axes
 + Level 6.2 Armour
 + Level 5.6 Dodging
 + Level 3.5 Stealth
 + Level 2.8 Shields
 * Level 5.7 Evocations


You had 8 spell levels left.
You didn't know any spells.
Your spell library was empty.

Dungeon Overview and Level Annotations

Branches:
Dungeon (8/15)             Temple (0/1) D:4           Sewer (visited)
   Lair: D:8-11

Altars:
Ashenzari
Cheibriados
Gozag
Hepliaklqana
Makhleb
Nemelex Xobeh
Ru
Uskayaw
Vehumet
Xom

Shops:
D:7 (*(=

Annotations:
D:8 Erica, Grum


Innate Abilities, Weirdness & Mutations

You have a pair of horns on your head.
You reflexively headbutt those who attack you in melee.


Message History

You barely miss something. Your headbutt misses something. Something hits you.
Something burns you.
You slice something!! You slash something!
Something hits you but does no damage.
You slash something! Your headbutt misses something. Something hits you.
Something burns you.
You barely miss something. You miss something. Your headbutt misses something.
You block something's attack.
You miss something. Something hits you! Something burns you.
You barely miss something. Your headbutt misses something.
You hear some strange, mumbled words.
A bolt of poison appears from out of thin air!
The bolt of poison misses you.
You miss something. You closely miss something. Your headbutt misses something.
You are no longer berserk.
You are exhausted.
You feel yourself slow down.
You hear some strange, mumbled words.
A lance of force appears from out of thin air!
The lance of force misses you.
You slash something! Something hits you! Something burns you.
Unknown command.
You closely miss something. Your headbutt misses something. Something hits you!
Something burns you. Something hits you!
* * * LOW HITPOINT WARNING * * *
Something burns you.
* * * LOW HITPOINT WARNING * * *
Unknown command.
You closely miss something. You headbutt something! Something hits you.
* * * LOW HITPOINT WARNING * * *
Something burns you.
* * * LOW HITPOINT WARNING * * *
You block something's attack.
Okay, then.
It was a potion of curing.
You feel better. Something hits you.
* * * LOW HITPOINT WARNING * * *
Something burns you.
You die...

......<.......## #
##)....##..
..........#....##
.####.####..
...#......##....##
....(.......
...#.....#####...##
#.......... .........#
##...### #..>.....#.
.........#
##....###....)..###
........##
#......#......## #
........#
#...........###
.......##
#@....#......#####
.......#
#.....{.....####........
.......# ##.........##
###...... ......##
#.........# ##.....
......# ##.......##
#...... ......#
#..##...# ##......
......# ### #.).#
##....... ......# #..##
#........ #.....#
##...).##.


There were no monsters in sight!

Vanquished Creatures
  Pikel (D:6)
  Prince Ribbit (D:6)
  Sigmund (D:6)
  4 yaks
  Eustachio (D:6)
  Edmund (D:6)
  A sky beast (D:6)
  A black bear (D:7)
  An orc warrior (D:8)
  3 centaurs
  2 lemures (D:6)
  A phantom (D:5)
  A gnoll sergeant (D:8)
  5 bullfrogs
  2 scorpions
  A wyvern zombie (D:8)
  2 howler monkeys
  A crimson imp (D:8)
  A hound (D:4)
  A centaur skeleton (D:7)
  A gnoll shaman (D:7)
  3 jellies
  Natasha (thrice) (D:3)
  4 orc wizards
  4 iguanas
  8 gnolls
  A howler monkey skeleton (D:5)
  11 adders
  A river rat (D:3)
  An ufetubus (D:4)
  An adder skeleton (D:4)
  2 worms
  2 dart slugs (D:3)
  12 orcs
  4 bats
  11 endoplasms
  10 giant cockroaches
  10 goblins
  4 hobgoblins
  4 kobolds
  9 quokkas
  12 ball pythons
  13 frilled lizards
  6 rats
169 creatures vanquished.

Vanquished Creatures (others)
  4 fungi (D:3)
  2 plants (D:3)
6 creatures vanquished.

Grand Total: 175 creatures vanquished

Notes
Turn   | Place    | Note
-------+----------+-------------------------------------------
     0 | D:1      | cbfl8 the Minotaur Berserker began the quest for the Orb.
     0 | D:1      | Reached XP level 1. HP: 19/19 MP: 0/0
   334 | D:1      | Reached XP level 2. HP: 20/27 MP: 1/1
   926 | D:2      | Reached skill level 4 in Axes
   946 | D:2      | Identified the +0 pair of gloves of Taoleah {rPois}
   998 | D:2      | Reached XP level 3. HP: 33/33 MP: 2/2
  1031 | D:2      | Reached ** piety under Trog
  1456 | D:3      | Noticed Natasha
  1461 | D:3      | Killed Natasha
  1462 | D:3      | Reached skill level 1 in Evocations
  1462 | D:3      | Reached XP level 4. HP: 29/41 MP: 3/3
  1697 | D:3      | Found a faded altar of an unknown god.
  1910 | D:3      | Found a glowing drain.
  1914 | Sewer    | Entered a sewer
  2028 | Sewer    | Reached *** piety under Trog
  2032 | Sewer    | Reached XP level 5. HP: 26/47 MP: 4/4
  2377 | Sewer    | Reached skill level 5 in Axes
  2504 | Sewer    | Identified the +1 robe of Repulsion {rCorr Int+3}
  2512 | Sewer    | Reached skill level 1 in Stealth
  2516 | Sewer    | Reached XP level 6. HP: 19/55 MP: 5/5
  3127 | D:3      | Noticed Natasha
  3133 | D:3      | Killed Natasha
  3285 | D:3      | Noticed Natasha
  3303 | D:3      | Killed Natasha
  3682 | D:4      | Reached skill level 5 in Fighting
  3940 | D:4      | Reached skill level 6 in Axes
  4011 | D:4      | Found a staircase to the Ecumenical Temple.
  4135 | D:4      | Reached XP level 7. HP: 37/61 MP: 6/6
  4639 | D:5      | Entered Level 5 of the Dungeon
  4648 | D:5      | Found a radiant altar of Vehumet.
  5057 | D:5      | You fall into a shaft and drop 2 floors!
  5075 | D:6      | Noticed Sigmund
  5095 | D:6      | Killed Sigmund
  5143 | D:6      | Reached skill level 7 in Axes
  5289 | D:5      | Found a snail-covered altar of Cheibriados.
  5415 | D:5      | Found a broken altar of Ashenzari.
  6046 | D:6      | Noticed Edmund
  6055 | D:6      | Killed Edmund
  6056 | D:6      | Reached skill level 1 in Shields
  6056 | D:6      | Reached XP level 8. HP: 68/70 MP: 7/7
  6165 | D:6      | Noticed Eustachio
  6178 | D:6      | Killed Eustachio
  6179 | D:6      | Reached skill level 5 in Dodging
  6198 | D:6      | Noticed Pikel
  6209 | D:6      | Killed Pikel
  6210 | D:6      | Reached skill level 8 in Axes
  6304 | D:6      | Found a sacrificial altar of Ru.
  6305 | D:6      | Found an opulent altar of Gozag.
  6305 | D:6      | Found a sparkling altar of Nemelex Xobeh.
  6577 | D:6      | Noticed Prince Ribbit
  6593 | D:6      | Killed Prince Ribbit
  6852 | D:6      | Reached XP level 9. HP: 72/78 MP: 8/8
  6877 | D:6      | Found a hazy altar of Hepliaklqana.
  7111 | D:7      | Found Duokomuth's Assorted Antiques.
  7118 | D:7      | Bought 2 scrolls of identify for 120 gold pieces
  7170 | D:7      | Reached **** piety under Trog
  7421 | D:7      | Found Hazxei's Jewellery Boutique.
  7471 | D:7      | Reached skill level 9 in Axes
  7506 | D:7      | Found Nadyup's Weapon Shop.
  7654 | D:7      | Found Muleqaatza's Antique Weapon Shop.
  7864 | D:7      | Reached skill level 5 in Evocations
  7868 | D:7      | Reached skill level 5 in Armour
  8111 | D:8      | Identified the +0 ring mail of Don Hani {Rampage *Slow
                  | Will+ Dex+5}
  8554 | D:8      | Reached skill level 10 in Axes
  9140 | D:8      | Found a hide-covered altar of Uskayaw.
  9173 | D:8      | Found a burning altar of Makhleb.
  9173 | D:8      | Found a shimmering altar of Xom.
  9201 | D:8      | Noticed Grum
  9716 | D:8      | Noticed Erica
  9736 | D:8      | HP: 2/73 [something (3)]
  9737 | D:8      | Slain by Erica

Illustrated notes

Levels and vault maps discovered:
D:1:      dpeg_arrival_signposts, layout_basic
D:2:      layout_basic
D:3:      layout_loops_ring, gup_sewer_entry_spiral,
          shapermc_ecumenical_altar_ellora, minmay_cut_off, uniq_natasha
D:4:      layout_basic, minmay_temple_entry_glass
D:5:      layout_basic, nicolae_vehumet_radiance, mainiacjoe_overflow_catwalk,
          mainiacjoe_overflow_tiny_flanked, minmay_misc_feat_five
D:6:      layout_basic, nicolae_overflow_quartered_altars, amethyst_killhole,
          uniq_prince_ribbit1, uniq_sigmund, uniq_pikel, uniq_eustachio,
          uniq_edmund
D:7:      layout_rooms, serial_shops, nicolae_shop_waterfront,
          nicolae_shop_waterfront, nicolae_shop_stone, shop
D:8:      layout_cave_pods, grunt_temple_overflow_champion_of_chaos,
          old_standard_altar, minivault_10, uniq_erica, uniq_grum

Skill      XL: |  1  2  3  4  5  6  7  8  9 |
---------------+----------------------------+-----
Fighting       | 4 5 6 7 |  7.3
Axes           | 4 5 6 7 8 10 | 10.1
Evocations     | 1 2 3 4 5 |  5.7
Dodging        | 3 4 5 |  5.6
Stealth        | 1 2 3 |  3.5
Armour         | 3 4 6 |  6.2
Shields        | 1 2 |  2.8

Action                   |  1- 3 |  4- 6 |  7- 9 || total
-------------------------+-------+-------+-------++-------
Melee: Hand axe          |    74 |   202 |   168 ||   444
       Headbutt          |     6 |    25 |    49 ||    80
       Punch             |       |     1 |       ||     1
       War axe           |       |       |    89 ||    89
Invok: Berserk           |       |     1 |     6 ||     7
Evoke: Wand              |       |       |     5 ||     5
  Use: Scroll            |       |       |     9 ||     9
       Potion            |       |       |     1 ||     1
 Stab: Sleeping          |     1 |     2 |     3 ||     6
       Distracted        |       |     1 |       ||     1
       Invisible         |       |       |     1 ||     1
Armor: Animal skin       |    20 |    45 |     5 ||    70
       Leather armour    |       |       |     1 ||     1
       Scale mail        |       |       |    75 ||    75
Dodge: Dodged            |    49 |   132 |   141 ||   322
Block: Buckler           |       |       |    55 ||    55
